 Dungeon Crawl Stone Soup version 0.19-a0-994-g3c636f0 (webtiles) character file.

44 Charly the Cudgeler (level 3, 6/21 HPs)
             Began as a Gargoyle Skald on July 16, 2016.
             Quit the game on level 5 of the Dungeon.
             The game lasted 00:12:20 (713 turns).

Charly the Cudgeler (Gargoyle Skald)                 Turns: 713, Time: 00:12:21

Health: 6/21       AC:  6    Str: 15    XL:     3   Next: 60%
Magic:  6/6        EV: 11    Int: 12    God:
Gold:   21         SH:  0    Dex: 12    Spells: 2 memorised, 3 levels left

rFire  . . .     SeeInvis .     a - +1 mace
rCold  . . .     Gourm    .     j - +0 leather armour
rNeg   + . .     Faith    .     (no shield)
rPois  ∞         Spirit   .     (no helmet)
rElec  +         Dismiss  .     (no cloak)
rCorr  .         Reflect  .     (no gloves)
SustAt .         Harm     .     (no boots)
MR     .....                    (no amulet)
Stlth  +.........               (no ring)
                                l - +2 ring of dexterity

@: not resistant to hostile enchantments, very unstealthy
A: negative energy resistance 1, electricity resistance, unbreathing,
petrification resistance, rot immunity, AC +3
a: no special abilities


You were on level 5 of the Dungeon.
You were not hungry.

You visited 1 branch of the dungeon, and saw 5 of its levels.

You collected 21 gold pieces.

Inventory:

Hand Weapons
 a - a +1 mace (weapon)
Armour
 g - a +0 scale mail
 j - a +0 leather armour (worn)
Jewellery
 l - a +2 ring of dexterity (left hand)
Scrolls
 e - a scroll of identify
 h - 2 scrolls of remove curse
 i - a scroll of noise {unknown}
 k - a scroll of enchant weapon
 m - a scroll of enchant armour {unknown}
Potions
 f - a potion of degeneration
Books
 c - a book of Battle

   Spells                             Type                      Level
   a - Infusion                       Charms                       1
   b - Shroud of Golubria             Charms/Translocation         2
   c - Song of Slaying                Charms                       2
   d - Spectral Weapon                Hexes/Charms                 3
   e - Regeneration                   Charms/Necromancy            3
Comestibles
 d - a bread ration


   Skills:
 - Level 2.1 Fighting
 + Level 3.8 Maces & Flails
 - Level 1.1 Armour
 - Level 0.7 Dodging
 - Level 2.0 Spellcasting
 - Level 2.6 Charms


You had 3 spell levels left.
You knew the following spells:

 Your Spells              Type           Power        Failure   Level  Hunger
g - Shroud of Golubria    Chrm/Tloc      #.........   34%         2    ###....
i - Infusion              Chrm           #...         12%         1    ##.....


Dungeon Overview and Level Annotations

Branches:
Dungeon (5/15)
 Temple: D:4-7

Altars:
Dithmenos

Annotations:
D:3 4thArraOfDagon's ghost, weakling NaAM
D:4 exclusion: downstairs, Menkaure; Pikel; Robin


Innate Abilities, Weirdness & Mutations

You are resistant to torment.
Your stone body is resilient. (AC +3)
You are immune to poison.
You resist negative energy. (rN+)
You are resistant to electric shocks. (rElec)
You can survive without breathing.
You are immune to petrification.
You are immune to rotting.


Message History

You hit the slave.
The slave is lightly wounded.
The slave hits you but does no damage.
You hit the slave but do no damage.
The slave is lightly wounded.
The slave barely misses you.
You barely miss the slave.
The slave is lightly wounded.
The slave hits you but does no damage. The slave hits you.
You hit the slave.
The slave is lightly wounded.
The slave closely misses you.
You closely miss the slave.
The slave is lightly wounded.
The slave hits you.
* * * LOW HITPOINT WARNING * * *
Found a stone staircase leading down.
Drop what? 12/52 slots (_ for help) (? for menu, Esc to quit)
Okay, then.
Are you sure you want to abandon this character and quit the game? (Confirm with "yes".)

#.# # #.# ##8#
#.# 8...8##.#
.....##.#######
.....>#.......#
.....##.#.###.#
8...8##.#p#
##8## ###@# ##
#.....#
...#...# ###..
..# #.# .# .# #
.. ...


You could see a slave.

Vanquished Creatures
  2 adders
  An ooze (D:3)
  A giant gecko (D:4)
  An orc (D:4)
  A giant cockroach (D:3)
  8 goblins
  2 hobgoblins
  3 giant newts
  4 rats
23 creatures vanquished.

Notes
Turn   | Place    | Note
-------+----------+-------------------------------------------
     0 | D:1      | Charly the Gargoyle Skald began the quest for the Orb.
     0 | D:1      | Reached XP level 1. HP: 12/12 MP: 3/3
   121 | D:3      | Noticed 4thArraOfDagon's ghost (weakling NaAM)
   130 | D:3      | Reached XP level 2. HP: 13/17 MP: 5/5
   187 | D:3      | Reached skill level 3 in Maces & Flails
   229 | D:3      | Reached XP level 3. HP: 16/21 MP: 6/6
   242 | D:4      | Learned a level 2 spell: Shroud of Golubria
   330 | D:4      | Noticed Robin
   375 | D:5      | Entered Level 5 of the Dungeon
   390 | D:5      | Noticed a troll
   408 | D:4      | Noticed a slave
   409 | D:4      | Noticed Pikel
   409 | D:4      | Noticed a slave
   410 | D:4      | Noticed a slave
   411 | D:4      | Noticed a slave
   483 | D:3      | Found a shadowy altar of Dithmenos.
   638 | D:4      | Noticed Menkaure
   666 | D:4      | Noticed a centaur
   713 | D:5      | Quit the game

Vault maps used:
D:1:      matt_arrival_diagonals
D:2:      nicolae_qazlal_eye_of_the_storm, lemuel_zombie_altar_kikubaaqudgha,
          uniq_jessica
D:3:      nicolae_dithmenos_through_a_glass_darkly, first_bread
D:4:      kennysheep_spiral_hall, uniq_menkaure, uniq_pikel, uniq_robin
D:5:      grunt_temple_overflow_gold_and_silver, nicolae_overflow_hidden_temple

Skill      XL: |  1  2 |
---------------+-------+-----
Maces & Flails | 3 |  3.8
Fighting       | |  2.1
Armour         | |  1.1
Dodging        | |  0.7
Spellcasting   | |  2.0
Charms         | |  2.6

Action                   || total
-------------------------++-------
Melee: Mace              ||    88
 Cast: Infusion          ||     1
  Use: Scroll            ||     4
  Eat: Pizza             ||     2
Armor: Scale mail        ||    13
       Leather armour    ||    43
Dodge: Dodged            ||    88
